 Dungeon Crawl Stone Soup version 0.20.1-1-g8b1a95d (webtiles) character file.

98 Thjof the Gusty (level 4, 0/24 HPs)
             Began as a Tengu Air Elementalist on Nov 3, 2017.
             Was an Initiate of Cheibriados.
             Slain by a hobgoblin (4 damage)
             ... led by Robin
             ... on level 3 of the Dungeon.
             The game lasted 00:28:32 (1985 turns).

Thjof the Gusty (Tengu Air Elementalist)            Turns: 1985, Time: 00:28:33

Health: 0/24       AC: 10    Str: 10    XL:     4   Next: 69%
Magic:  0/8        EV: 12    Int: 16    God:    Cheibriados [......]
Gold:   149        SH:  0    Dex: 16    Spells: 1/7 levels left

rFire    . . .     SeeInvis .   a - +2 mace (protect)
rCold    . . .     Gourm    .   (no shield)
rNeg     + . .     Faith    .   m - +0 leather armour
rPois    .         Spirit   .   (helmet restricted)
rElec    .         Reflect  .   (no cloak)
rCorr    .         Harm     .   (no gloves)
MR       .....                  (boots unavailable)
Stlth    ++........             (no amulet)
Regen    0.1/turn               g - ring of positive energy
MPRegen  0.2/turn               (no ring)

@: about to teleport, protection aura, very slightly contaminated, very slow
A: beak, talons 3
a: Bend Time, Renounce Religion


You were on level 3 of the Dungeon.
You worshipped Cheibriados.
Cheibriados was noncommittal.
You were not hungry.

You visited 1 branch of the dungeon, and saw 3 of its levels.

You collected 149 gold pieces.

Inventory:

Hand Weapons
 a - a +2 mace of protection (weapon)
Missiles
 e - 28 sling bullets
 i - 20 bolts
 s - 64 stones (quivered)
 y - 19 poisoned needles
Armour
 m - a +0 leather armour (worn)
Jewellery
 g - a ring of positive energy (left hand)
Scrolls
 d - a scroll of enchant weapon {unknown}
 j - a scroll of teleportation
 k - a scroll of amnesia {unknown}
 o - a scroll of remove curse {unknown}
 q - a scroll of enchant armour {unknown}
 r - a scroll of fear {unknown}
 u - a scroll of random uselessness {unknown}
 v - 2 scrolls of identify {unknown}
Potions
 h - a potion of flight {unknown}
 n - 2 potions of curing {unknown}
 A - 2 potions of magic {unknown}
 C - a potion of brilliance {unknown}
Books
 b - a book of Air

   Spells                             Type                      Level
   a - Shock                          Conjuration/Air              1
   b - Swiftness                      Charms/Air                   2
   c - Static Discharge               Conjuration/Air              3
   d - Airstrike                      Air                          4
   e - Lightning Bolt                 Conjuration/Air              5
Comestibles
 c - 3 chunks of flesh
 f - a meat ration


   Skills:
 + Level 0.4 Fighting
 + Level 0.9 Maces & Flails
 + Level 0.7 Armour
 + Level 2.4 Dodging
 + Level 2.7 Stealth
 + Level 2.3 Spellcasting
 + Level 2.5 Conjurations
 + Level 5.1 Air Magic


You had one spell level left.
You knew the following spells:

 Your Spells              Type           Power        Failure   Level  Hunger
a - Shock                 Conj/Air       ##..         5%          1    #......
b - Swiftness             Chrm/Air       ##......     14%         2    ###....
c - Static Discharge      Conj/Air       ##......     17%         3    ###....


Dungeon Overview and Level Annotations

Branches:
Dungeon (3/15)

Altars:
Ashenzari
Cheibriados
Uskayaw

Annotations:
D:3 Robin


Innate Abilities, Weirdness & Mutations

You have a beak for a mouth.
You have claws for feet.


Message History

Cheibriados appreciates the change of pace.
The zap hits the goblin.
You kill the goblin!
Cheibriados thoroughly appreciates the change of pace.
The hobgoblin hits you with a club.
* * * LOW HITPOINT WARNING * * *
Okay, then.
As you read the scroll of teleportation, it crumbles to dust.
You feel strangely unstable.
Robin's horned helmet rattles.
The hobgoblin hits you but does no damage.
You hit the hobgoblin.
Your weapon exudes an aura of protection.
You kill the hobgoblin!
Cheibriados appreciates the change of pace.
You hit Robin but do no damage. Your kick misses Robin.
Robin is heavily wounded.
The hobgoblin hits you but does no damage.
Robin misses you. The hobgoblin hits you.
You die...

###### #....#
#####....#######
.###..............#####
.....gg.................
.g#.#..##....#####......
.. ##.g.....### ##.....
...######g.....## #.#..#
...)wgg@gg........#.#..#
....##########.#........
. .##....... #........
......#.##. ........##.
............
............ ...........


You could see Robin, a dart slug, a hobgoblin and 3 goblins.

Vanquished Creatures
  Terence (D:2)
  An adder (D:2)
  2 worms (D:2)
  2 dart slugs
  A leopard gecko (D:2)
  3 giant cockroaches
  13 goblins
  7 hobgoblins
  3 jackals (D:1)
  2 quokkas (D:3)
  5 bats
  2 frilled lizards (D:2)
  3 kobolds
  6 rats
51 creatures vanquished.

Notes
Turn   | Place    | Note
-------+----------+-------------------------------------------
     0 | D:1      | Thjof the Tengu Air Elementalist began the quest for the Orb.
     0 | D:1      | Reached XP level 1. HP: 10/10 MP: 4/4
   271 | D:1      | Reached XP level 2. HP: 15/15 MP: 6/6
   507 | D:1      | Learned a level 2 spell: Swiftness
   907 | D:2      | Noticed Terence
   911 | D:1      | Reached XP level 3. HP: 19/19 MP: 5/7
   929 | D:1      | Learned a level 3 spell: Static Discharge
  1209 | D:2      | Killed Terence
  1209 | D:2      | Reached skill level 5 in Air Magic
  1359 | D:2      | Reached XP level 4. HP: 14/24 MP: 8/8
  1414 | D:2      | Found a hide-covered altar of Uskayaw.
  1414 | D:2      | Found a snail-covered altar of Cheibriados.
  1414 | D:2      | Found a shattered altar of Ashenzari.
  1418 | D:2      | Became a worshipper of Cheibriados the Contemplative
  1976 | D:3      | Noticed Robin
  1985 | D:3      | Slain by a hobgoblin

Skill      XL: |  1  2  3 |
---------------+----------+-----
Conjurations   | 2 |  2.5
Air Magic      | 5 |  5.1
Fighting       | |  0.4
Maces & Flails | |  0.9
Armour         | |  0.7
Dodging        | |  2.4
Stealth        | |  2.7
Spellcasting   | |  2.3

Action                   |  1- 3 |  4- 6 || total
-------------------------+-------+-------++-------
Melee: Club              |     4 |       ||     4
       Kick              |     1 |     9 ||    10
       Mace              |    14 |    25 ||    39
Throw: Stone             |     2 |       ||     2
 Cast: Shock             |    30 |    19 ||    49
       Swiftness         |     1 |       ||     1
       Static Discharge  |     3 |     3 ||     6
  Use: Scroll            |       |     2 ||     2
 Stab: Sleeping          |     2 |     1 ||     3
  Eat: Bread ration      |     1 |       ||     1
       Chunk             |     1 |       ||     1
Armor: Robe              |     2 |       ||     2
       Leather armour    |    14 |     3 ||    17
Dodge: Dodged            |    31 |    17 ||    48
